 Dungeon Crawl Stone Soup version 0.26.0-16-gc1dbca0489 (webtiles) character file.

Game seed: 7689368114464470379

77 thiole the Sneak (level 4, -1/27 HPs)
             Began as an Octopode Hedge Wizard on Jan 20, 2021.
             Slain by a quasit (2 damage)
             ... on level 3 of the Dungeon.
             The game lasted 00:04:25 (2780 turns).

thiole the Sneak (Octopode Hedge Wizard)            Turns: 2780, Time: 00:04:26

Health: -1/27      AC:  1    Str:  9      XL:     4   Next: 33%
Magic:  4/8        EV: 12    Int: 17      God:
Gold:   117        SH:  0    Dex:  2 (11) Spells: 5/9 levels left

rFire    . . .     SeeInvis .   a - +0 dagger
rCold    . . .     Faith    .   (no shield)
rNeg     . . .     Spirit   .   b - +0 hat
rPois    .         Reflect  .   (no amulet)
rElec    .         Harm     .   (no ring)
rCorr    .         Rampage  .   (no ring)
Will     +....                  (no ring)
Stlth    +++.......             (no ring)
HPRegen  0.09/turn              (no ring)
MPRegen  0.11/turn              (no ring)
                                (no ring)
                                (no ring)

@: mighty
A: almost no armour, stealthy swim, amphibious, 8 rings, constrict 8, camouflage
1, strong-willed 1, wild magic 1, gelatinous body 1
a: no special abilities


You were on level 3 of the Dungeon.
You visited 1 branch of the dungeon, and saw 4 of its levels.

You collected 117 gold pieces.

Inventory:

Hand Weapons
 a - a +0 dagger (weapon)
Armour
 b - a +0 hat (worn)
Scrolls
 c - a scroll of blinking {unknown}
 e - a scroll of remove curse {unknown}
 g - a scroll of fog {unknown}
 i - a scroll of identify {unknown}
 j - a scroll of enchant armour {unknown}
Potions
 h - a potion of attraction


   Skills:
 - Level 2.0 Dodging
 * Level 4.0 Stealth
 + Level 3.2 Spellcasting
 - Level 2.0 Conjurations
 - Level 2.0 Summonings
 - Level 1.0 Translocations
 * Level 1.1 Air Magic


You had 5 spell levels left.
You knew the following spells:

 Your Spells              Type           Power        Failure   Level
a - Magic Dart            Conj           48%          12%         1
b - Mephitic Cloud        Conj/Pois/Air  8%           41%         3

Your spell library contained the following spells:

 Spells                   Type           Power        Failure   Level
 Call Imp                 Summ           12%          17%         2
 Blink                    Tloc           N/A          24%         2
 Slow                     Hex            3%           34%         2
 Conjure Flame            Conj/Fire      8%           43%         3


Dungeon Overview and Level Annotations

Branches:
Dungeon (4/15)
 Temple: D:4-7

Altars:


Innate Abilities, Weirdness & Mutations

You cannot wear most types of armour.
You are very stealthy in the water. (Stealth+)
You are amphibious.
You can wear up to eight rings at the same time.
You can use your tentacles to constrict eight enemies at once.
Your skin changes colour to match your surroundings (Stealth+).
Your rubbery body absorbs attacks. (AC +1, EV +1)
You are strong-willed. (Will+)
Your spells are a little harder to cast, but a little more powerful.


Message History

* * * LOW HITPOINT WARNING * * *
The quasit barely misses you. The quasit claws you.
* * * LOW HITPOINT WARNING * * *
You feel clumsy.
You closely miss the quasit. Your grab misses the quasit.
The quasit is heavily wounded.
The quasit bites you.
* * * LOW HITPOINT WARNING * * *
You feel clumsy. The quasit barely misses you. The quasit claws you.
* * * LOW HITPOINT WARNING * * *
You closely miss the quasit. Your grab misses the quasit.
Your squeeze misses the quasit.
The quasit is heavily wounded.
The quasit bites you but does no damage.
The quasit claws you.
* * * LOW HITPOINT WARNING * * *
You feel clumsy. The quasit claws you.
You die...

#
########+#####+#.#
#.................
#..>..............
#.................
#.................
#.........!....†..
#..@5.............
#.................
#.................
#.................
#........)........
#...$............(
#.................
#.........<.


You could see a quasit.

Vanquished Creatures
  A hound skeleton (D:4)
  An adder (D:4)
  An adder skeleton (D:4)
  3 dart slugs
  4 leopard geckos
  An orc (D:3)
  2 ball pythons
  A bat (D:2)
  2 giant cockroaches (D:1)
  6 goblins
  5 hobgoblins
  4 kobolds
  2 quokkas
  2 frilled lizards
  6 rats
41 creatures vanquished.

Notes
Turn   | Place    | Note
-------+----------+-------------------------------------------
     0 | D:1      | thiole the Octopode Hedge Wizard began the quest for the
                  | Orb.
     0 | D:1      | Reached XP level 1. HP: 11/11 MP: 4/4
   228 | D:1      | Reached XP level 2. HP: 15/17 MP: 4/6
   392 | D:1      | Reached skill level 3 in Stealth
   922 | D:1      | Reached XP level 3. HP: 21/21 MP: 5/7
  1223 | D:2      | Learned a level 3 spell: Mephitic Cloud
  2265 | D:4      | Reached XP level 4. HP: 10/27 MP: 2/8
  2571 | D:4      | Reached skill level 4 in Stealth
  2571 | D:4      | Reached skill level 1 in Air Magic
  2777 | D:3      | Gained mutation: You are strong-willed. (Will+) [potion of
                  | mutation]
  2777 | D:3      | Gained mutation: Your spells are a little harder to cast,
                  | but a little more powerful. [potion of mutation]
  2777 | D:3      | HP: 1/27 [quasit (1)]
  2780 | D:3      | Slain by a quasit

Illustrated notes

Levels and vault maps discovered:
D:1:      amcnicky_arrival_flooded_fountain, layout_loops_ring,
          columned_hall_lemuel, kennysheep_decorative_pillar,
          minmay_misc_feat_rows, minivault_11
D:2:      layout_basic
D:3:      layout_basic, uniq_natasha
D:4:      layout_basic, gammafunk_ghost_nasty_kobolds

Skill      XL: |  1  2  3  4 |
---------------+-------------+-----
Stealth        | 3 4 |  4.0
Summonings     | 2 |  2.0
Conjurations   | 2 |  2.0
Air Magic      | 1 |  1.1
Dodging        | |  2.0
Spellcasting   | |  3.2
Translocations | |  1.0

Action                   |  1- 3 |  4- 6 || total
-------------------------+-------+-------++-------
Melee: Dagger            |    21 |    22 ||    43
       Constrict         |     8 |     2 ||    10
       Tentacles         |     3 |     2 ||     5
 Cast: Magic Dart        |    81 |    13 ||    94
  Use: Potion            |       |     6 ||     6
 Stab: Sleeping          |     1 |       ||     1
Armor: Skin              |     1 |     9 ||    10
Dodge: Dodged            |     7 |    30 ||    37
